 Dungeon Crawl Stone Soup version 0.26.1-11-gd32895ea62 (webtiles) character file.

Game seed: 11548308050676608998

142 Tirrikindir the Slasher (level 5, -5/36 HPs)
             Began as an Octopode Fighter on June 9, 2021.
             Killed from afar by Ijyb (22 damage)
             ... with a bolt of acid
             ... on level 3 of the Dungeon.
             The game lasted 00:04:03 (2241 turns).

Tirrikindir the Slasher (Octopode Fighter)          Turns: 2241, Time: 00:04:04

Health: -5/36      AC: -3    Str: 16    XL:     5   Next: 24%
Magic:  5/5        EV: 12    Int: 10    God:
Gold:   159        SH: 12    Dex: 12    Spells: 4/4 levels left

rFire    . . .     SeeInvis .   a - +2 long sword
rCold    . . .     Faith    .   b - +3 kite shield
rNeg     . . .     Spirit   .   (helmet restricted)
rPois    .         Reflect  .   (no amulet)
rElec    .         Harm     .   l - +4 ring of slaying
rCorr    .         Rampage  .   (no ring)
Will     .....                  (no ring)
Stlth    +++.......             (no ring)
HPRegen  0.12/turn              (no ring)
MPRegen  0.09/turn              (no ring)
                                (no ring)
                                (no ring)

@: corroded
A: almost no armour, stealthy swim, amphibious, 8 rings, constrict 8, camouflage
1, gelatinous body 1
a: no special abilities


You were on level 3 of the Dungeon.
You visited 1 branch of the dungeon, and saw 3 of its levels.

You collected 159 gold pieces.

Inventory:

Hand Weapons
 a - a +2 long sword (weapon)
Missiles
 k - 19 poisoned darts (quivered)
Armour
 b - a +3 kite shield (worn)
Jewellery
 g - an uncursed ring of ice
 l - a +4 ring of slaying (left tentacle)
Scrolls
 d - a scroll of remove curse
Potions
 c - a potion of might
 e - a potion of haste {unknown}
 i - a potion of lignification
 j - a potion of flight {unknown}
 m - a potion of attraction {unknown}
 n - a potion of invisibility {unknown}


   Skills:
 + Level 3.4 Fighting
 * Level 3.6 Long Blades
 + Level 3.5 Dodging
 + Level 2.5 Stealth
 + Level 3.4 Shields


You had 4 spell levels left.
You didn't know any spells.
Your spell library was empty.

Dungeon Overview and Level Annotations

Branches:
Dungeon (3/15)

Altars:

Annotations:
D:3 Ijyb


Innate Abilities, Weirdness & Mutations

You cannot wear most types of armour.
You are very stealthy in the water. (Stealth+)
You are amphibious.
You can wear up to eight rings at the same time.
You can use your tentacles to constrict eight enemies at once.
Your skin changes colour to match your surroundings (Stealth+).
Your rubbery body absorbs attacks. (AC +1, EV +1)


Message History

There is a stone staircase leading down here.
You closely miss the quokka. You grab the quokka. You squeeze the quokka.
You kill the quokka!
You start resting.
You are no longer corroded.
You start resting.
HP restored.
You climb downwards.
Level annotation: Ijyb Ijyb zaps a wand.
The bolt of acid hits you! The acid corrodes you!
You are splashed with acid!
There is a stone staircase leading up here.
Found 18 arrows.
You barely miss Ijyb. Your grab misses Ijyb. Your squeeze misses Ijyb.
Ijyb closely misses you.
You riposte.
You barely miss Ijyb. Your grab misses Ijyb. You barely miss Ijyb.
You grab Ijyb. You constrict Ijyb.
Ijyb zaps a wand.
The bolt of acid hits you!!
Ouch! That really hurt!
You die...

#...# #.##..# #...#
#.##..# #...# #.##..#
#...##### #.##..# #
#...#...## #.##.)) ##.
#...)....###.....#
##...###.÷....$.########
.......#<÷.......
.......@...[.....
.....!g..........
.......##.../...#
(.#.... #........ .
##... ......##. .....
.#?#### ###.# . .# #.


You could see Ijyb.

Vanquished Creatures
  4 gnolls (D:3)
  3 adders (D:2)
  A worm (D:2)
  2 dart slugs
  2 leopard geckos
  4 giant cockroaches
  4 goblins
  10 hobgoblins
  8 jackals (D:2)
  2 quokkas
  A ball python (D:2)
  10 bats
  3 frilled lizards
  5 kobolds
  8 rats
67 creatures vanquished.

Notes
Turn   | Place    | Note
-------+----------+-------------------------------------------
     0 | D:1      | Tirrikindir the Octopode Fighter began the quest for the
                  | Orb.
     0 | D:1      | Reached XP level 1. HP: 16/16 MP: 1/1
   152 | D:1      | Reached XP level 2. HP: 21/21 MP: 2/2
   619 | D:1      | Reached skill level 1 in Stealth
   852 | D:2      | Reached XP level 3. HP: 25/26 MP: 3/3
  1309 | D:2      | Reached XP level 4. HP: 30/31 MP: 4/4
  1601 | D:3      | Reached XP level 5. HP: 9/36 MP: 5/5
  1953 | D:3      | Noticed Ijyb
  2241 | D:3      | Killed from afar by Ijyb

Illustrated notes

Levels and vault maps discovered:
D:1:      lightli_arrival_lavapool, layout_loops_cross, minmay_tromino_i4
D:2:      layout_rooms
D:3:      layout_loops_cross, kennysheep_generic_room_9, uniq_ijyb,
          uniq_grinder, uniq_robin, uniq_terence

Skill      XL: |  1  2  3  4 |
---------------+-------------+-----
Stealth        | 1 2 |  2.5
Long Blades    | 3 |  3.6
Fighting       | |  3.4
Dodging        | |  3.5
Shields        | |  3.4

Action                   |  1- 3 |  4- 6 || total
-------------------------+-------+-------++-------
Melee: Long sword        |    59 |    36 ||    95
       Constrict         |    23 |    12 ||    35
       Tentacles         |    12 |     5 ||    17
  Use: Scroll            |     7 |     3 ||    10
 Stab: Sleeping          |     3 |     4 ||     7
Armor: Skin              |     8 |     1 ||     9
Dodge: Dodged            |    38 |    22 ||    60
Block: Kite shield       |    40 |    22 ||    62
       Rpst.: Long sword |    11 |     5 ||    16
